 Dungeon Crawl Stone Soup version 0.29-a0-43-g62a80824bf (webtiles) character file.

Game seed: 15771179818256768605

144 HallandMoats the Skirmisher (level 5, 0/33 HPs)
             Began as a Gargoyle Fighter on Feb 2, 2022.
             Slain by an adder (4 damage)
             ... on level 4 of the Dungeon.
             The game lasted 00:02:43 (2905 turns).

HallandMoats the Skirmisher (Gargoyle Fighter)      Turns: 2905, Time: 00:02:43

Health: 0/33       AC: 15    Str: 19    XL:     5   Next: 27%
Magic:  6/6        EV:  9    Int:  9    God:
Gold:   103        SH:  4    Dex: 11    Spells: 4/4 levels left

rFire   . . .      SeeInvis .   s - +2 whip (venom)
rCold   . . .      Faith    .   c - +0 buckler
rNeg    + . .      Spirit   .   b - +0 scale mail
rPois   ∞          Reflect  .   l - +0 helmet
rElec   +          Harm     .   p - +0 cloak
rCorr   .          Rampage  .   t - +0 pair of gloves
Will    .....                   j - +0 pair of boots
Stlth   ..........              (no amulet)
HPRegen 0.11/turn               (no ring)
MPRegen 0.10/turn               (no ring)

@: no status effects
A: sickness immunity, AC +4, negative energy resistance 1, electricity
resistance, torment resistance 1, petrification resistance
a: no special abilities


You were on level 4 of the Dungeon.
You visited 1 branch of the dungeon, and saw 4 of its levels.

You collected 103 gold pieces.

Inventory:

Hand Weapons
 a - a +0 trident
 s - a +2 whip of venom (weapon)
Missiles
 k - a throwing net (quivered)
Armour
 b - a +0 scale mail (worn)
 c - a +0 buckler (worn)
 j - a +0 pair of boots (worn)
 l - a +0 helmet (worn)
 p - a +0 cloak (worn)
 t - a +0 pair of gloves (worn)
Wands
 m - a wand of iceblast (1)
 r - a wand of flame (13)
Scrolls
 e - a scroll of identify {unknown}
 f - 4 scrolls of teleportation {unknown}
 n - 2 scrolls of blinking {unknown}
Potions
 d - 2 potions of might
 g - a potion of resistance {unknown}
 h - 3 potions of curing {unknown}
 i - a potion of heal wounds {unknown}
 o - a potion of lignification {unknown}
 q - a potion of attraction {unknown}


   Skills:
 * Level 4.1 Fighting
 * Level 2.7 Polearms
 + Level 3.6 Armour
 + Level 1.0 Dodging
 + Level 3.8 Shields
 * Level 2.3 Invocations


You had 4 spell levels left.
You didn't know any spells.
Your spell library contained the following spells:

 Spells                   Type           Power      Damage    Failure   Level
 Ensorcelled Hibernation  Hex/Ice        0%         N/A       93%         2
 Passwall                 Tmut/Erth      0%         N/A       93%         2
 Swiftness                Air            0%         N/A       99%         3


Dungeon Overview and Level Annotations

Branches:
Dungeon (4/15)
 Temple: D:4-7

Altars:
Xom


Innate Abilities, Weirdness & Mutations

You are immune to sickness and miasma.
Your stone body is resilient. (AC +4)
You are immune to poison.
You resist negative energy. (rN+)
You are resistant to electric shocks. (rElec)
You are resistant to unholy torment.
You are immune to petrification.


Message History

There is a stone staircase leading down here.
Unknown command.
The adder bites you but does no damage.
The orc priest mumbles some strange prayers to Beogh against you.
Beogh smites you!
* * * LOW HITPOINT WARNING * * *
The kobold hits you but does no damage.
You climb downwards.
There is a stone staircase leading up here.
The adder bites you but does no damage. The adder barely misses you.
You see here a +0 short sword.
The adder closely misses you.
Found 14 arrows.
The adder closely misses you.
An endoplasm comes into view.
The endoplasm quivers.
The adder completely misses you.
You hit the adder.
The adder is lightly wounded.
You block the adder's attack.
You hit the adder.
The adder is moderately wounded.
The adder bites you but does no damage. x2
You barely miss the adder.
The adder is moderately wounded.
You block the adder's attack. The endoplasm misses you.
You hit the endoplasm.
The endoplasm is severely wounded.
The adder barely misses you. You block the endoplasm's attack.
The adder closely misses you.
You hit the endoplasm.
The endoplasm is poisoned.
The endoplasm is almost dead.
The adder completely misses you.
The endoplasm hits you but does no damage.
You hit the endoplasm.
You kill the endoplasm!
The adder barely misses you. The adder completely misses you.
You barely miss the adder.
The adder is lightly wounded.
The adder bites you but does no damage. The adder bites you.
You die...

...... .... ....
(.. #.. #.# #.# #@#
## #S# .# ###K# .#
..##...####.######
.........#.).....).
....#.##..)<†......
### #.#............
.....##.........
...... ....######


You could see an adder and a kobold.

Vanquished Creatures
  An orc wizard (D:3)
  4 gnolls (D:3)
  An adder (D:4)
  A worm (D:2)
  A dart slug (D:2)
  8 orcs
  7 endoplasms
  2 giant cockroaches (D:1)
  4 goblins
  3 hobgoblins
  7 ball pythons
  6 bats
  4 frilled lizards
  5 kobolds
  6 rats
60 creatures vanquished.

Notes
Turn   | Place    | Note
-------+----------+-------------------------------------------
     0 | D:1      | HallandMoats the Gargoyle Fighter began the quest for the
                  | Orb.
     0 | D:1      | Reached XP level 1. HP: 14/14 MP: 1/1
   530 | D:1      | Reached XP level 2. HP: 19/19 MP: 2/2
   607 | D:1      | Found a shimmering altar of Xom.
   675 | D:1      | Reached skill level 1 in Invocations
   742 | D:1      | Reached XP level 3. HP: 23/23 MP: 3/3
  2173 | D:3      | Reached XP level 4. HP: 26/29 MP: 5/5
  2273 | D:3      | Reached skill level 4 in Fighting
  2276 | D:3      | Reached XP level 5. HP: 17/33 MP: 6/6
  2735 | D:4      | Reached skill level 1 in Dodging
  2905 | D:4      | Slain by an adder

Illustrated notes

Levels and vault maps discovered:
D:1:      dpeg_arrival_three_smaller_balls, layout_basic, minmay_hexomino_r4
D:2:      layout_loops_corners
D:3:      layout_basic
D:4:      layout_rooms, saegor_snake_ambush

Skill      XL: |  1  2  3  4  5 |
---------------+----------------+-----
Polearms       | 2 |  2.7
Invocations    | 1 2 |  2.3
Fighting       | 4 |  4.1
Dodging        | 1 |  1.0
Armour         | |  3.6
Shields        | |  3.8

Action                   |  1- 3 |  4- 6 || total
-------------------------+-------+-------++-------
Melee: Trident           |   125 |    38 ||   163
       Whip              |       |    49 ||    49
Armor: Scale mail        |    47 |    43 ||    90
Dodge: Dodged            |    47 |    47 ||    94
Block: Buckler           |    26 |    14 ||    40

Table legend: (Time is in decaauts)
 A = Elapsed time spent in this place.
 B = Non-inter-level travel time spent in this place.
 C = Inter-level travel time spent in this place.
 D = Time resting spent in this place.
 E = Time spent auto-exploring this place.
 F = Levels seen in this place.
 G = Mean time per level.
                   A        B        C        D        E       F      G
               +--------+--------+--------+--------+--------+-----+--------+
         Total |   2951 |   2802 |    149 |    141 |   2192 |   4 |  737.8 |
       Dungeon |   2951 |   2802 |    149 |    141 |   2192 |   4 |  737.8 |
               +--------+--------+--------+--------+--------+-----+--------+

Top non-repeatable levels by time:
     D:1: 1218 daAuts
     D:2: 962 daAuts
     D:3: 584 daAuts
     D:4: 185 daAuts
